 Dungeon Crawl Stone Soup version 0.29-a0-542-g075992c915 (webtiles) character file.

Game seed: 1566908832101511298

504092 freelancePsychic the Slayer (level 27, -4/237 HPs)
             Began as a Meteoran Fighter on June 3, 2022.
             Was the Champion of Hepliaklqana.
             Slain by a cacodemon (7 damage)
             ... on level 5 of the Realm of Zot.
             The game lasted 02:20:17 (19608 turns).

freelancePsychic the Slayer (Meteoran Fighter)     Turns: 19608, Time: 02:20:18

Health: -4/237     AC: 34    Str: 28    XL:     27
Magic:  40/40      EV: 14    Int: 12    God:    Hepliaklqana [******]
Gold:   537        SH:  0    Dex: 20    Spells: 26/26 levels left

rFire   + + +      SeeInvis .   b - +3 demon whip (vorpal)
rCold   + . .      Faith    .   s - +6 tower shield {AC+3}
rNeg    + . .      Spirit   .   E - +0 shadow dragon scales
rPois   +          Reflect  +   X - -2 hat of the Alchemist {rElec rPois rF+ rC+ rN+ Will+ rMut rCorr}
rElec   +          Harm     .   I - +1 cloak {Stlth+}
rCorr   +          Rampage  .   F - +2 pair of gloves
rMut    +                       Z - +2 pair of boots
Will    ++++.                   S - amulet of reflection
Stlth   +.........              A - ring "Hes Popp" {rF++ EV+4}
HPRegen 0.00/turn               c - ring of Mymeh {+Blink MP+9 Str+4 Slay+5}
MPRegen 0.27/turn

@: on berserk cooldown, sick, held, hasted and slowed, glowing
A: reduced essence, sense surroundings 3, otherworldly, glowing, explore regen,
deterioration 1, weak 1
0: Orb of Zot
}: 4/15 runes: serpentine, barnacled, silver, abyssal
a: Renounce Religion, Evoke Blink, Recall Ancestor, Ancestor Identity,
Transference, Idealise


You were on level 5 of the Realm of Zot.
You worshipped Hepliaklqana.
Hepliaklqana was exalted by your worship.
You visited 11 branches of the dungeon, and saw 49 of its levels.
You visited the Abyss 3 times.
You also visited: Bailey and Wizlab.

You collected 4198 gold pieces.
You spent 3661 gold pieces at shops.

Inventory:

Hand Weapons
 b - a +3 vorpal demon whip (weapon)
Missiles
 v - 6 throwing nets (quivered)
Armour
 s - a +6 tower shield of protection (worn)
 E - +0 shadow dragon scales (worn)
 F - a +2 pair of gloves (worn)
 I - a +1 cloak of stealth (worn)
 X - the -2 hat of the Alchemist (worn) {rElec rPois rF+ rC+ rN+ Will+ rMut rCorr}
   (You bought it in a shop on level 2 of the Snake Pit)

   rF:        It protects you from fire.
   rC:        It protects you from cold.
   rElec:     It insulates you from electricity.
   rPois:     It protects you from poison.
   rN:        It protects you from negative energy.
   rCorr:     It protects you from acid and corrosion.
   rMut:      It protects you from mutation.
   Will:      It increases your willpower.
 Z - a +2 pair of boots (worn)
Jewellery
 c - the ring of Mymeh (right hand) {+Blink MP+9 Str+4 Slay+5}
   (You bought it in a shop on level 2 of the Orcish Mines)

   [ring of magical power]

   Str:       It affects your strength (+4).
   Slay:      It affects your accuracy & damage with ranged weapons and melee
   (+5).
   MP:        It affects your magic capacity (+9).
   +Blink:    It lets you blink.
 l - a +4 ring of evasion
 u - a ring of protection from fire
 A - the ring "Hes Popp" (left hand) {rF++ EV+4}
   (You found it in a wizard's laboratory)

   [ring of evasion]

   EV:        It affects your evasion (+4).
   rF:        It greatly protects you from fire.
 H - a +4 ring of protection
 Q - the amulet of the Present {rF+ Regen+}
   (You found it in a wizard's laboratory)

   [amulet of regeneration]

   rF:        It protects you from fire.
   Regen:     It increases your rate of health regeneration.
 R - a ring of ice
 S - an amulet of reflection (around neck)
Wands
 j - a wand of charming (3)
 n - a wand of iceblast (2)
 q - a wand of flame (38)
 L - a wand of paralysis (9)
 M - a wand of digging (2)
Scrolls
 d - 3 scrolls of poison
 r - 21 scrolls of identify {@r1}
 B - 4 scrolls of fear
 O - 3 scrolls of brand weapon
 T - 2 scrolls of amnesia
 Y - 3 scrolls of immolation
Potions
 f - 10 potions of brilliance
 g - 2 potions of flight
 h - 3 potions of ambrosia
 k - 4 potions of degeneration
 m - 6 potions of lignification
 p - 9 potions of mutation
 x - a potion of curing {@q1}
 z - a potion of cancellation
 J - a potion of resistance
Miscellaneous
 i - a condenser vane (inert)
 t - a lightning rod (4/4)
 C - a phantom mirror (inert)
 D - a box of beasts
 P - a tin of tremorstones (1/2)
 W - a phial of floods


   Skills:
 + Level 24.8 Fighting
 - Level 16.0 Maces & Flails
 - Level 22.1 Armour
 + Level 17.6 Dodging
 - Level 22.1 Shields
 - Level 10.3 Invocations
 - Level 20.6 Evocations


You had 26 spell levels left.
You didn't know any spells.
Your spell library contained the following spells:

 Spells                   Type           Power      Damage    Failure   Level
 Beastly Appendage        Tmut           0%         N/A       82%         1
 Magic Dart               Conj           0%         1d3       82%         1
 Necrotize                Necr           0%         1d4       82%         1
 Sting                    Tmut/Pois      0%         1d3       82%         1
 Blink                    Tloc           0%         N/A       91%         2
 Call Imp                 Summ           0%         N/A       91%         2
 Dazzling Flash           Conj/Hex       0%         N/A       99%         3
 Gell's Gravitas          Tloc           0%         N/A       99%         3
 Ignite Poison            Fire/Tmut/Pois 0%         N/A       99%         3
 Lesser Beckoning         Tloc           0%         N/A       99%         3
 Mephitic Cloud           Conj/Pois/Air  0%         N/A       99%         3
 Ozocubu's Armour         Ice            0%         N/A       99%         3
 Portal Projectile        Hex/Tloc       0%         N/A       99%         3
 Teleport Other           Tloc           0%         N/A       99%         3
 Tukima's Dance           Hex            0%         N/A       99%         3
 Vampiric Draining        Necr           0%         2d6       99%         3
 Corpse Rot               Necr/Pois/Air  0%         N/A       100%        4
 Dispel Undead            Necr           0%         3d6       100%        4
 Fulminant Prism          Conj/Hex       0%         3d6       100%        4
 Hailstorm                Conj/Ice       0%         3d3       100%        4
 Iskenderun's Mystic Bla  Conj/Tloc      0%         2d3       100%        4
 Olgreb's Toxic Radiance  Pois           0%         N/A       100%        4
 Passage of Golubria      Tloc           0%         N/A       100%        4
 Sticky Flame             Conj/Fire      0%         2d3       100%        4
 Summon Ice Beast         Ice/Summ       0%         N/A       100%        4
 Agony                    Necr           0%         N/A       100%        5
 Alistair's Intoxication  Tmut/Pois      0%         N/A       100%        5
 Blade Hands              Tmut           0%         N/A       100%        5
 Borgnjor's Vile Clutch   Necr/Erth      0%         N/A       100%        5
 Lee's Rapid Deconstruct  Erth           0%         3d5*      100%        5
 Manifold Assault         Tloc           0%         N/A       100%        5
 Metabolic Englaciation   Hex/Ice        0%         N/A       100%        5
 Silence                  Hex/Air        0%         N/A       100%        5
 Yara's Violent Unravell  Hex/Tmut       0%         3d3       100%        5
 Death Channel            Necr           0%         N/A       100%        6
 Dispersal                Tloc           0%         N/A       100%        6
 Eringya's Noxious Bog    Tmut/Pois      0%         N/A       100%        6
 Simulacrum               Ice/Necr       0%         N/A       100%        6
 Ozocubu's Refrigeration  Ice            0%         4d5       100%        7
 Borgnjor's Revivificati  Necr           0%         N/A       100%        8
 Necromutation            Tmut/Necr      0%         N/A       100%        8
 Summon Horrible Things   Summ           0%         N/A       100%        8
 Death's Door             Necr           0%         N/A       100%        9


Dungeon Overview and Level Annotations

Branches:
Dungeon (15/15)            Temple (1/1) D:4            Lair (6/6) D:9
 Shoals (4/4) Lair:2        Snake (4/4) Lair:3        Slime (0/5) Lair:6
    Orc (2/2) D:10            Elf (2/3) Orc:2        Vaults (5/5) D:13
  Crypt (1/3) Vaults:3     Depths (4/4) D:15            Zot (5/5) Depths:4
 Bailey (visited)          WizLab (visited)

Altars:
Cheibriados
Dithmenos
Fedhas
Hepliaklqana
Qazlal
Sif Muna
Vehumet
Wu Jian
Xom
Zin
Beogh
Jiyva

Shops:
D:8 =   D:11 [   Orc:2 =((   Shoals:1 :   Snake:2 **[?[(   Snake:3 [*=
Vaults:1 **?   Depths:4 =

Portals:
Hell: Depths:1 Depths:4
Abyss: Depths:3
Pandemonium: Depths:2
Trove: D:14 (give +7 demon whip)

Annotations:
D:3 2 transporters
D:13 3 runed translucent doors, Nialiw's ghost, journeyman GnHu
Lair:3 Rupert
Elf:1 3 runed translucent doors


Innate Abilities, Weirdness & Mutations

Your life essence is reduced to manifest your ancestor. (-10% HP)
You passively map a large area around you.
You are easily found by Zot.
You glow in the dark.
You regain HP and MP as you explore.
Your body sometimes deteriorates upon taking damage.
You are weak. (Str -2)


Message History

You feel weaker. The Orb Guardian hits you!!
* * * LOW HITPOINT WARNING * * *
The Killer Klown blinks!
You shred the net and break free! You block the sixfirhy's attack. x3
The sixfirhy hits you but does no damage.
The white draconian hits you but does no damage.
The purple draconian misses you. You block Zicsyak's attack.
The Orb Guardian completely misses you.
The ufetubus disappears!
The orange demon closely misses you.
The cacodemon hits you but does no damage.
The cacodemon closely misses you. You block the sixfirhy's attack.
The ynoxinul gestures at you. The iron shot misses you.
The iron shot hits the orb of fire!
The Orb Guardian attacks as you move away!
The Orb Guardian completely misses you. You block the sixfirhy's attack. x2
The sixfirhy closely misses you. Odi Rex drops a net on you.
You become entangled in the net!
Odi Rex comes into view.
The orb of fire glows bright magenta.
Strange energies course through your body.
You feel odd for a moment.
Zicsyak gestures.
The sixfirhy closely misses you.
The Killer Klown blinks!
The cacodemon closely misses you.
The cacodemon hits you but does no damage.
Zicsyak hits you but does no damage. The ufetubus misses you.
The ufetubus hits you but does no damage.
The ynoxinul disappears!
Odi Rex moves out of view.
You see here a throwing net.
You struggle against the net.
The ufetubus disappears in a puff of smoke!
The sixfirhy closely misses you.
The sixfirhy hits you but does no damage.
The sixfirhy misses you.
The purple draconian closely misses you.
The ancient lich mumbles some strange words.
The ancient lich flickers and vanishes!
The rust devil disappears!
The cacodemon hits you!
You die...

#.......# ##....<.#
################ ######
##..............## #.....
##..........^.....## ##....
*#..............(...## #....
*.......)....X4......# ##...
*..........3p23......# #...
#^^....$.).§@*d......# ##...
#..........§&)d.§§§..# #....
#....^......{3§§§§.§.# ##....
#.........4..^§§§§§☼.###.....
*#........4...§§§§..###...###
##...^.......§§§.§##....##
##..........§§☼§§§.X.###
▓▓....^##▓▓▓▓▓▓▓▓▓▓▓#
▓▓...............▓▓▓▓


You could see Zicsyak, an orb of fire, a Killer Klown, a purple draconian, a
white draconian (catching breath), a cacodemon, an Orb Guardian, an orange
demon, an ice devil, a rust devil (summoned), 2 sixfirhies and a smoke demon
(summoned).

Vanquished Creatures
  A pandemonium lord (Zot:5)
  A dread lich (Zot:5)
  3 orbs of fire
  4 ancient liches (Zot:5)
  A Killer Klown (Zot:5)
  3 golden dragons
  A bone dragon (Abyss:4)
  2 electric golems (Zot:5)
  4 tentacled monstrosities
  16 Orb Guardians (Zot:5)
  A moon troll (WizLab)
  2 liches
  A titan (Vaults:5)
  6 tentacled starspawn
  Gastronok (D:12)
  2 sphinxes (Depths:1)
  2 shadow dragons (Zot:4)
  3 tengu reavers
  2 storm dragons (Depths:4)
  3 draconian monks (Depths:4)
  A nagaraja (Snake:4)
  A frost giant (Shoals:4)
  2 draconian knights
  4 fire giants
  3 deep elf sorcerers
  2 orc warlords
  2 draconian scorchers (Zot:4)
  An iron dragon (Vaults:5)
  7 vault wardens
  3 draconian annihilators
  6 ironbound preservers
  10 very ugly things
  3 ironbound thunderhulks
  10 stone giants
  A vampire knight (Vaults:3)
  6 green draconians
  A lorocyproca (Abyss:4)
  A deep elf demonologist (Vaults:5)
  3 dire elephants
  5 white draconians
  6 purple draconians
  3 black draconians
  8 red draconians
  9 ettins
  6 yellow draconians
  3 merfolk impalers (Shoals:4)
  A deep elf death mage (Elf:1)
  A green death (Abyss:5)
  3 merfolk javelineers (Shoals:4)
  A crystal guardian (Vaults:3)
  Snorg (Lair:6)
  3 yaktaur captains
  2 jiangshi (Depths:2)
  2 deep elf high priests
  14 vault guards
  Harold (D:9)
  A spriggan air mage (Depths:1)
  2 ice dragons (Depths:4)
  A rakshasa (Depths:3)
  2 catoblepae
  A jorogumo (shapeshifter) (Vaults:5)
  6 centaur warriors
  3 salamander tyrants (Snake:4)
  13 anacondas
  9 hydras
  12 two-headed ogres
  6 naga warriors
  3 satyrs
  3 ogre magi (Orc:2)
  An alligator snapping turtle (Shoals:1)
  A hell hog (Abyss:4)
  A death knight (D:14)
  5 dancing weapons
  6 thrashing horrors (Abyss:4)
  4 vampire magi
  6 death yaks
  6 deep troll earth magi
  2 naga sharpshooters (Snake:4)
  2 spriggan berserkers (Depths:4)
  2 tengu warriors
  3 shock serpents (Snake:4)
  5 deep elf knights (Elf:1)
  9 spriggans
  6 hell knights
  3 iron trolls
  A soul eater (Abyss:4)
  4 wretched stars
  3 sea snakes
  2 spatial maelstroms
  Amaemon (Lair:3)
  6 skeletal warriors
  3 salamander mystics
  2 death drakes (Abyss:4)
  A flayed ghost (Abyss:5)
  A storm dragon skeleton (Vaults:3)
  2 naga ritualists
  19 deep trolls
  4 deep elf archers
  2 lindwurms
  6 glowing orange brains
  4 ironbound convokers
  Pikel (D:5)
  5 orc knights
  8 deep elf zephyrmancers
  A wizard (D:13)
  2 phantasmal warriors
  5 necromancers
  15 deep elf pyromancers
  12 mana vipers
  3 harpies (Shoals:1)
  25 ugly things
  An orc sorcerer (Abyss:4)
  6 cyclopes
  5 manticores
  15 salamanders
  A sphinx skeleton (Vaults:3)
  2 fauns (Shoals:2)
  2 moths of wrath (Zot:3)
  13 slime creatures
  4 human skeletons (Vaults:3)
  8 elephants (Lair:5)
  2 merfolk sirens
  16 black mambas
  5 vault sentinels
  A gargoyle (D:12)
  4 naga magi
  An orange demon (Lair:3)
  3 guardian serpents
  A fire giant skeleton (Depths:2)
  2 frost giant skeletons
  An eye of devastation (WizLab)
  2 smoke demons (Abyss:5)
  A torpor snail (Lair:3)
  4 water nymphs
  4 cane toads
  16 yaktaurs
  A kobold demonologist (D:12)
  7 komodo dragons
  2 ancient zymes
  A freezing wraith (D:14)
  A red devil (Abyss:4)
  4 tengu conjurers
  An efreet (D:14)
  A silent spectre (Abyss:5)
  3 trolls
  2 hellwings (Abyss:5)
  A hornet (shapeshifter) (D:14)
  5 merfolk
  2 wind drakes (Shoals:4)
  5 hornets
  2 polar bears (Lair:6)
  3 raiju (Abyss:4)
  13 blink frogs
  A dream sheep (Lair:6)
  A vampire (D:13)
  15 yaks
  2 ynoxinuls (Abyss:4)
  An ettin skeleton (Abyss:5)
  5 wraiths
  2 wyverns
  2 shadows
  2 steam dragons (D:9)
  5 water elementals
  A hog (Snake:2)
  A basilisk (Lair:4)
  2 fire elementals
  12 humans (D:13)
  A neqoxec (Abyss:4)
  2 small abominations (Abyss:4)
  2 redbacks (Vaults:4)
  4 large abominations
  2 wargs
  14 nagas
  An acid dragon (D:12)
  8 water moccasins
  A floating eye (Abyss:5)
  6 hell hounds
  A meliai simulacrum (D:14)
  10 orc warriors
  6 boggarts
  3 ice beasts
  A black bear (D:6)
  33 ogres
  30 wolves
  15 centaurs
  A phantom (D:3)
  3 kobold brigands
  2 necrophages
  6 gnoll sergeants
  9 bullfrogs
  8 wights (D:8)
  A wyvern skeleton (Crypt:1)
  3 electric eels
  6 howler monkeys
  8 starcursed masses (Abyss:4)
  A jelly (D:7)
  3 gnoll shamans (Bailey)
  4 hounds
  3 orc priests
  Terence (D:2)
  4 iguanas
  12 orc wizards
  2 hell rats (Lair:3)
  Robin (D:2)
  5 adders
  24 gnolls
  A white imp (D:7)
  An ufetubus (D:6)
  A worm (D:2)
  2 dart slugs
  42 orcs
  4 bats
  9 endoplasms
  4 hobgoblins
  2 quokkas
  4 ball pythons
  7 frilled lizards
  11 goblins
  5 kobolds
  3 rats
  9 starspawn tentacles
1035 creatures vanquished.

Vanquished Creatures (collateral kills)
  A dread lich (Zot:5)
  A Killer Klown (Zot:5)
  A curse toe (Zot:5)
  A bone dragon (Zot:4)
  2 tentacled monstrosities (Vaults:5)
  3 liches
  A titan (Vaults:5)
  8 Orb Guardians (Zot:5)
  A quicksilver dragon (Zot:4)
  A walking frostbound tome (Depths:4)
  5 death cobs
  7 tentacled starspawn
  2 shadow dragons
  A storm dragon (Zot:5)
  Kirke (Snake:2)
  A tengu reaver (Vaults:5)
  A fire giant (Depths:1)
  3 draconian knights (Zot:5)
  2 nagarajas
  2 draconian scorchers
  Aizul (Snake:4)
  2 frost giants (Depths:1)
  2 cacodemons (Abyss:4)
  10 vault wardens
  2 draconian shifters (Zot:5)
  A draconian annihilator (Zot:5)
  A war gargoyle (Vaults:4)
  7 ironbound preservers
  7 stone giants (Vaults:5)
  6 green draconians
  8 very ugly things
  7 black draconians
  2 purple draconians (Depths:4)
  2 yellow draconians (Zot:5)
  2 entropy weavers (Vaults:4)
  A dire elephant (Vaults:3)
  Azrael (D:12)
  5 white draconians
  3 red draconians
  A merfolk javelineer (Shoals:3)
  6 ettins
  An eidolon (Abyss:5)
  2 crystal guardians
  3 merfolk impalers (Shoals:4)
  A deep elf high priest (Vaults:5)
  4 jiangshi
  A fire dragon (shapeshifter) (Vaults:5)
  A fire dragon (Depths:3)
  2 great orbs of eyes
  A rakshasa (Depths:1)
  2 yaktaur captains
  15 vault guards
  A boulder beetle (Vaults:1)
  2 ice dragons (Depths:3)
  A salamander tyrant (Snake:4)
  A catoblepas (D:14)
  An anaconda (Snake:2)
  4 hydras
  A peacekeeper (Vaults:3)
  3 merfolk avatars (Shoals:4)
  An alligator snapping turtle (Shoals:4)
  An ogre mage (Orc:2)
  2 merfolk aquamancers (Shoals:4)
  A dancing weapon (Elf:1)
  A deep troll shaman (Depths:1)
  4 two-headed ogres
  2 centaur warriors
  5 death yaks
  An ironbound frostheart (Vaults:2)
  7 naga warriors
  A tengu warrior (Depths:1)
  4 naga sharpshooters
  5 thrashing horrors
  3 spriggan berserkers (Depths:1)
  Sonja (Orc:1)
  2 deep elf knights (Elf:2)
  3 soul eaters (Zot:4)
  3 hell knights
  A deep troll earth mage (Depths:4)
  Urug (Orc:1)
  A sun demon (Abyss:5)
  2 iron trolls (Depths:1)
  7 skeletal warriors
  A titan skeleton (Vaults:3)
  2 sixfirhies (Abyss:4)
  3 wretched stars
  2 salamander mystics (Snake:4)
  A fire crab (D:14)
  4 sea snakes
  2 death drakes
  A flayed ghost (Abyss:5)
  9 deep trolls
  4 lindwurms
  A deep elf archer (Elf:1)
  A glowing orange brain (Abyss:4)
  3 naga ritualists
  2 phantasmal warriors (Vaults:5)
  6 ironbound convokers
  A wizard (Abyss:4)
  7 mana vipers
  3 orc knights
  A harpy (shapeshifter) (D:14)
  6 deep elf zephyrmancers
  4 deep elf pyromancers (Elf:1)
  4 harpies
  2 orc sorcerers
  4 manticores
  A cyclops (Shoals:4)
  A shadow dragon skeleton (Zot:4)
  3 moths of wrath (Zot:5)
  11 salamanders
  7 ugly things
  3 fauns (Shoals:2)
  A dire elephant zombie (Abyss:5)
  6 elephants (Lair:5)
  3 merfolk sirens
  6 guardian serpents
  8 naga magi
  9 black mambas
  A frost giant skeleton (Vaults:3)
  An eye of devastation (WizLab)
  A water nymph (Shoals:4)
  A gargoyle (D:12)
  5 vault sentinels
  4 smoke demons
  2 rime drakes
  An unseen horror (D:11)
  4 cane toads
  7 large abominations
  A hellwing (Abyss:5)
  5 yaktaurs
  4 efreet
  3 freezing wraiths
  5 ancient zymes
  A troll (D:10)
  14 merfolk
  3 polar bears
  A sphinx simulacrum (Depths:2)
  A wind drake (Shoals:2)
  2 hornets
  A dream sheep (Lair:6)
  4 raiju (Abyss:4)
  10 slime creatures
  3 snapping turtles (Shoals:4)
  A dream sheep (shapeshifter) (Vaults:5)
  2 air elementals
  A shadow (D:11)
  5 spriggans (Lair:6)
  A water elemental (Shoals:4)
  A vampire (D:12)
  2 wyverns
  6 humans (D:13)
  14 yaks
  2 fire elementals (D:12)
  3 hogs (Snake:2)
  4 basilisks
  3 chaos spawn
  A neqoxec (Abyss:4)
  A spatial vortex (Abyss:4)
  2 wargs (Orc:1)
  A swamp worm (Snake:2)
  5 water moccasins
  16 nagas
  A water moccasin (shapeshifter) (Vaults:5)
  A glowing shapeshifter skeleton (Vaults:3)
  2 hell hounds (Abyss:5)
  2 orc warriors
  5 boggarts
  2 black bears (Lair:6)
  5 ogres
  10 wolves (Lair:6)
  2 centaurs
  5 small abominations
  6 bullfrogs
  2 gnoll sergeants (Bailey)
  A howler monkey (D:14)
  12 starcursed masses (Abyss:4)
  A quasit (Abyss:4)
  An orc priest (Orc:2)
  4 gnoll shamans (Bailey)
  A hound (Bailey)
  9 orc wizards
  4 hell rats (Lair:3)
  7 gnolls
  2 white imps
  10 orcs
  4 goblins (D:9)
  8 kobolds
  3 butterflies
  A lurking horror (Abyss:5)
  6 starspawn tentacles
634 creatures vanquished.

Vanquished Creatures (others)
  A draconian knight (Zot:1)
  A vault guard (Vaults:4)
  Erica (Orc:1)
  A deep elf knight (Elf:2)
  A tengu conjurer (D:13)
  A golden eye (Abyss:4)
  A small abomination (Abyss:4)
  A boggart (D:14)
  33 battlemagi
  An orc wizard (D:11)
  An ancestor (D:8)
  2 demonic plants (Abyss:4)
  34 fungi
  2 lurking horrors (Abyss:5)
  75 plants
  24 starspawn tentacles
180 creatures vanquished.

Grand Total: 1849 creatures vanquished

Notes
Turn   | Place    | Note
-------+----------+-------------------------------------------
     0 | D:1      | freelancePsychic the Meteoran Fighter began the quest for
                  | the Orb.
     0 | D:1      | Reached XP level 1. HP: 19/19 MP: 2/2
    79 | D:1      | Reached XP level 2. HP: 25/26 MP: 3/3
   344 | D:2      | Reached XP level 3. HP: 31/31 MP: 4/4
   493 | D:2      | Noticed Robin
   541 | D:2      | Killed Robin
   542 | D:2      | Reached XP level 4. HP: 36/40 MP: 5/5
   562 | D:2      | Noticed Terence
   573 | D:2      | Killed Terence
   574 | D:2      | Reached skill level 4 in Fighting
   624 | D:2      | Found a faded altar of an unknown god.
   687 | D:3      | Reached XP level 5. HP: 44/46 MP: 6/6
   690 | D:3      | Reached skill level 5 in Maces & Flails
   823 | D:3      | Reached XP level 6. HP: 39/53 MP: 7/7
   911 | D:3      | Found a transporter.
   916 | D:3      | Noticed an ice beast
   926 | D:3      | Killed an ice beast
   927 | D:3      | Reached skill level 5 in Armour
   927 | D:3      | Reached XP level 7. HP: 60/60 MP: 8/8
   928 | D:3      | Found a transporter.
  1039 | D:4      | Reached skill level 5 in Fighting
  1206 | D:4      | Found a staircase to the Ecumenical Temple.
  1212 | Temple   | Entered the Ecumenical Temple
  1223 | Temple   | Became a worshipper of Hepliaklqana the Forgotten
  1357 | D:5      | Entered Level 5 of the Dungeon
  1469 | D:5      | Noticed Pikel
  1488 | D:5      | Killed Pikel
  1489 | D:5      | Reached skill level 6 in Fighting
  1489 | D:5      | Reached XP level 8. HP: 70/70 MP: 9/9
  1625 | D:5      | Gained mutation: You passively map the area around you.
                  | [Meteoran growth]
  1625 | D:5      | Reached XP level 9. HP: 75/75 MP: 10/10
  1803 | D:6      | Reached skill level 10 in Maces & Flails
  1870 | D:6      | Reached * piety under Hepliaklqana
  2170 | D:7      | Reached skill level 7 in Fighting
  2633 | D:8      | Found Ofer's Jewellery Emporium.
  2710 | D:8      | Reached XP level 10. HP: 62/77 MP: 11/11
  2746 | D:8      | Reached ** piety under Hepliaklqana
  2747 | D:8      | Remembered your ancestor Blasteroid as a battlemage
  2812 | D:8      | Reached skill level 8 in Fighting
  2858 | D:9      | Found a flagged portal.
  2882 | Bailey   | Entered a bailey
  3186 | D:9      | Found a staircase to the Lair.
  3208 | D:9      | Noticed Harold
  3225 | D:9      | Reached XP level 11. HP: 85/85 MP: 9/12
  3240 | D:9      | Killed Harold
  3241 | D:9      | Reached skill level 9 in Fighting
  3253 | D:9      | Reached skill level 10 in Armour
  3416 | D:10     | Entered Level 10 of the Dungeon
  3461 | D:10     | Reached skill level 1 in Evocations
  3509 | D:10     | Found a staircase to the Orcish Mines.
  3535 | D:10     | Reached skill level 15 in Maces & Flails
  3636 | D:10     | Reached *** piety under Hepliaklqana
  3851 | D:11     | Noticed a cyclops
  3859 | D:11     | Killed a cyclops
  3859 | D:11     | Noticed a cyclops
  3860 | D:11     | Reached skill level 10 in Fighting
  3960 | D:11     | Found Naomiopp's Antique Armour Shoppe.
  3976 | D:11     | Reached XP level 12. HP: 84/96 MP: 13/13
  3982 | D:11     | Bought a shiny helmet for 187 gold pieces
  3982 | D:11     | Bought a pair of glowing gloves for 187 gold pieces
  4064 | D:11     | Reached skill level 5 in Evocations
  4091 | D:11     | You fall into a shaft and drop 1 floor!
  4098 | D:12     | Noticed Gastronok
  4101 | D:12     | Noticed a four-headed hydra
  4108 | D:12     | Killed a four-headed hydra
  4109 | D:12     | Reached skill level 1 in Dodging
  4150 | D:11     | Noticed a two-headed ogre
  4155 | D:11     | Killed a two-headed ogre
  4242 | Lair:1   | Entered Level 1 of the Lair of Beasts
  4283 | Lair:1   | Reached skill level 11 in Fighting
  4681 | Lair:2   | Noticed a seven-headed hydra
  4685 | Lair:2   | Killed a seven-headed hydra
  4719 | Lair:2   | Reached XP level 13. HP: 75/105 MP: 14/14
  4726 | Lair:2   | Found a staircase to the Shoals.
  4761 | Lair:2   | Reached skill level 12 in Fighting
  4790 | Lair:2   | Noticed a four-headed hydra
  4793 | Lair:2   | Killed a four-headed hydra
  4796 | Lair:2   | Reached **** piety under Hepliaklqana
  4859 | Lair:3   | Noticed a five-headed hydra
  4865 | Lair:3   | Killed a five-headed hydra
  4887 | Lair:3   | Reached skill level 1 in Invocations
  4996 | Lair:3   | Noticed a seven-headed hydra
  5001 | Lair:3   | Killed a seven-headed hydra
  5021 | Lair:3   | Found a staircase to the Snake Pit.
  5022 | Lair:3   | Noticed Amaemon
  5034 | Lair:3   | Killed Amaemon
  5096 | Lair:3   | Reached skill level 13 in Fighting
  5417 | Lair:3   | Noticed Rupert
  5446 | Lair:4   | Reached skill level 5 in Invocations
  5448 | Lair:4   | Identified the +0 rapier "Imp's Death" {drain, Dex+5
                  | Stlth+}
  5757 | Lair:5   | Noticed a death yak
  5771 | Lair:4   | Killed a death yak
  5772 | Lair:4   | Reached XP level 14. HP: 56/116 MP: 16/19
  5832 | Lair:5   | Reached ***** piety under Hepliaklqana
  6010 | Lair:5   | Reached skill level 14 in Fighting
  6143 | Lair:5   | Reached skill level 10 in Evocations
  6191 | Lair:6   | Entered Level 6 of the Lair of Beasts
  6329 | Lair:6   | Noticed Snorg
  6343 | Lair:6   | Killed Snorg
  6361 | Lair:6   | Reached XP level 15. HP: 121/125 MP: 21/21
  6459 | Lair:6   | Found a staircase to the Slime Pits.
  6459 | Lair:6   | Found a viscous altar of Jiyva.
  6463 | Lair:6   | Reached skill level 15 in Fighting
  6640 | Lair:6   | Reached skill level 15 in Armour
  6668 | Lair:6   | Identified the +0 cloak of Magic {Harm rC+}
  7023 | D:12     | Noticed Azrael
  7037 | D:12     | Killed Azrael
  7196 | D:12     | Killed Gastronok
  7342 | D:13     | Found a runed translucent gate.
  7342 | D:13     | Found a runed translucent gate.
  7342 | D:13     | Found a runed translucent gate.
  7342 | D:13     | Found a viscous altar of Jiyva.
  7342 | D:13     | Noticed an azure jelly
  7342 | D:13     | Noticed an acid blob
  7342 | D:13     | Noticed an azure jelly
  7342 | D:13     | Noticed Nialiw's ghost (journeyman GnHu)
  7342 | D:13     | Noticed an azure jelly
  7342 | D:13     | Noticed an azure jelly
  7342 | D:13     | Noticed an azure jelly
  7342 | D:13     | Noticed a rockslime
  7386 | D:13     | Noticed Maurice
  7387 | D:13     | Noticed Maurice
  7387 | D:13     | Maurice changed into Maurice the warg
  7393 | D:13     | Killed Maurice the warg
  7547 | D:14     | Found a stormy altar of Qazlal.
  7602 | D:14     | Reached skill level 16 in Fighting
  7644 | D:14     | Reached XP level 16. HP: 124/135 MP: 22/22
  7668 | D:14     | Reached skill level 5 in Dodging
  7793 | D:14     | Identified a scroll of acquirement
  7794 | D:14     | Acquired 933 gold pieces
  7895 | D:14     | Found a portal to a secret trove of treasure.
  8075 | D:15     | Entered Level 15 of the Dungeon
  8149 | D:15     | Found a shadowy altar of Dithmenos.
  8694 | D:13     | Found a gate to the Vaults.
  8968 | Orc:1    | Entered Level 1 of the Orcish Mines
  8968 | Orc:1    | Noticed Erica
  8978 | Orc:1    | Killed Erica
  8979 | Orc:1    | Noticed Urug
  8984 | Orc:1    | Killed Urug
  9001 | Orc:1    | Reached XP level 17. HP: 138/144 MP: 23/23
  9001 | Orc:1    | Noticed Sonja
  9009 | Orc:1    | Killed Sonja
  9108 | Orc:2    | Entered Level 2 of the Orcish Mines
  9192 | Orc:2    | Reached skill level 17 in Fighting
  9203 | Orc:2    | Found a staircase to the Elven Halls.
  9246 | Orc:2    | Reached skill level 5 in Shields
  9336 | Orc:2    | Found a shimmering blue altar of Sif Muna.
  9374 | Orc:2    | Found Mantaboq's Jewellery Emporium.
  9374 | Orc:2    | Found Zineur's Weapon Shop.
  9375 | Orc:2    | Found Fit Zurgh's Weapon Shop.
  9375 | Orc:2    | Found Uhib's Weapon Shoppe.
  9391 | Orc:2    | Bought the ring of Mymeh {+Blink MP+9 Str+4 Slay+5} for 951
                  | gold pieces
  9462 | Elf:1    | Entered Level 1 of the Elven Halls
  9699 | Elf:1    | Reached skill level 15 in Evocations
  9727 | Elf:1    | Paralysed by an air elemental for 1 turns
  9749 | Elf:1    | Reached ****** piety under Hepliaklqana
  9785 | Elf:1    | Gained mutation: You passively map a large area around you.
                  | [Meteoran growth]
  9785 | Elf:1    | Reached XP level 18. HP: 39/153 MP: 24/24
  9817 | Elf:1    | Reached skill level 10 in Dodging
 10080 | Elf:1    | Found a runed translucent gate.
 10080 | Elf:1    | Found a runed translucent gate.
 10080 | Elf:1    | Found a runed translucent gate.
 10080 | Elf:1    | Noticed a tentacled monstrosity
 10082 | Elf:1    | Noticed a tentacled monstrosity
 10083 | Elf:1    | Noticed a tentacled monstrosity
 10348 | Snake:1  | Entered Level 1 of the Snake Pit
 10524 | Snake:1  | Found a blossoming altar of Fedhas.
 10601 | Snake:2  | Noticed Kirke
 10608 | Snake:2  | Killed Kirke
 10609 | Snake:2  | Reached skill level 18 in Fighting
 10756 | Snake:2  | Found Goliwok's Antique Armour Emporium.
 10757 | Snake:2  | Found Qaupase's Weapon Shop.
 10757 | Snake:2  | Found Didov's Antique Armour Boutique.
 10757 | Snake:2  | Found Kyig's Assorted Antiques.
 10766 | Snake:2  | Found Epnuf's Magic Scroll Shop.
 10766 | Snake:2  | Found Hod Xown's General Store.
 10785 | Snake:2  | Bought a scarf of resistance for 608 gold pieces
 10949 | Snake:2  | Bought the -2 hat of the Alchemist {rElec rPois rF+ rC+ rN+
                  | Will+ rMut rCorr} for 944 gold pieces
 10949 | Snake:2  | Found the -2 hat of the Alchemist {rElec rPois rF+ rC+ rN+
                  | Will+ rMut rCorr}
 10949 | Snake:2  | Bought a runed tower shield for 150 gold pieces
 10949 | Snake:2  | Bought a pair of embroidered boots for 150 gold pieces
 11054 | Snake:2  | Bought a scroll of enchant armour for 127 gold pieces
 11054 | Snake:2  | Bought a scroll of magic mapping for 59 gold pieces
 11184 | Snake:3  | Found Nuczetzi's General Store.
 11184 | Snake:3  | Found Nudeibih's Armour Emporium.
 11188 | Snake:3  | Found Oseen's Jewellery Boutique.
 11188 | Snake:3  | Found Bengumn's Magic Scroll Emporium.
 11213 | Snake:3  | Bought a scroll of teleportation for 36 gold pieces
 11280 | Snake:4  | Entered Level 4 of the Snake Pit
 11300 | Snake:4  | Reached skill level 10 in Shields
 11335 | Snake:4  | Reached XP level 19. HP: 119/161 MP: 25/25
 11535 | Snake:4  | Noticed Aizul
 11554 | Snake:4  | Killed Aizul
 12075 | Snake:4  | Reached skill level 19 in Fighting
 12080 | Snake:4  | Got a serpentine rune of Zot
 12438 | Shoals:1 | Entered Level 1 of the Shoals
 12438 | Shoals:1 | Found Narghaom's Self-Improvement Boutique.
 12515 | Shoals:1 | Reached XP level 20. HP: 171/171 MP: 26/26
 12698 | Shoals:4 | Entered Level 4 of the Shoals
 13052 | Shoals:4 | Got a barnacled rune of Zot
 13062 | Shoals:4 | Reached skill level 15 in Shields
 13211 | Shoals:4 | Got the Incunabulum of Cankerous Transmigration
 13504 | Vaults:1 | Entered Level 1 of the Vaults
 13660 | Vaults:1 | Found Gonk's Assorted Antiques.
 13660 | Vaults:1 | Found Jiomaifa's Assorted Antiques.
 13664 | Vaults:1 | Found Teisicrekeff's Magic Scroll Shop.
 13678 | Vaults:1 | Bought a scroll of blinking for 262 gold pieces
 13771 | Vaults:2 | Reached XP level 21. HP: 160/180 MP: 27/27
 13953 | Vaults:3 | Reached skill level 20 in Fighting
 14178 | Vaults:3 | Found a staircase to the Crypt.
 14193 | Crypt:1  | Entered Level 1 of the Crypt
 14370 | Vaults:3 | Found a magical portal.
 14379 | WizLab   | Entered Lehudib's Moon Base
 14507 | WizLab   | Found a transporter.
 14554 | WizLab   | Found a transporter.
 14559 | WizLab   | Identified the ring "Hes Popp" {rF++ EV+4}
 14564 | WizLab   | Identified the amulet of the Present {rF+ Regen+}
 14740 | Vaults:4 | Reached XP level 22. HP: 188/188 MP: 28/28
 14991 | Vaults:4 | Identified the +5 arbalest of Resourcefulness {venom, rPois
                  | SInv}
 15008 | Vaults:5 | Entered Level 5 of the Vaults
 15081 | Vaults:5 | Got a silver rune of Zot
 15145 | Vaults:5 | Reached skill level 21 in Fighting
 15219 | Vaults:5 | Reached XP level 23. HP: 199/199 MP: 29/29
 15371 | Vaults:5 | Reached skill level 22 in Fighting
 15443 | Vaults:5 | Noticed a golden dragon
 15464 | Vaults:5 | Killed a golden dragon
 15480 | Vaults:5 | Noticed a golden dragon
 15496 | Vaults:5 | Killed a golden dragon
 15602 | Vaults:5 | Identified the ring "Uwaacacw" {*Corrode +Blink EV+4 Dex+4}
 15723 | Vaults:5 | Identified the +0 ring mail "Ungamey" {Rampage rF- rN++
                  | Dex+4}
 15728 | Vaults:5 | Got the Collected Works on Frigorific Creation
 16130 | D:15     | Found a staircase to the Depths.
 16152 | Depths:1 | Entered Level 1 of the Depths
 16264 | Depths:1 | Found a gateway to Hell.
 16294 | Depths:2 | Reached skill level 10 in Invocations
 16384 | Depths:1 | Reached XP level 24. HP: 145/209 MP: 31/31
 16529 | Depths:2 | Found a one-way gate leading to the halls of Pandemonium.
 16558 | Depths:3 | Found a one-way gate to the infinite horrors of the Abyss.
 16618 | Depths:3 | Voluntarily entered the Abyss.
 16826 | Abyss:4  | Paralysed by accursed screaming for 1 turns
 16954 | Abyss:4  | Got the Disquisition on Toxins
 16965 | Abyss:4  | Got the Collected Works on Confrontation
 16977 | Abyss:4  | Got the Guide on the Blaze
 17030 | Abyss:4  | Paralysed by accursed screaming for 1 turns
 17381 | Depths:3 | Escaped the Abyss
 17452 | Depths:4 | Entered Level 4 of the Depths
 17681 | Depths:4 | Found Nimaahur's Jewellery Boutique.
 17815 | Depths:4 | Found a gate to the Realm of Zot.
 17933 | Zot:1    | Entered Level 1 of the Realm of Zot
 17965 | Zot:1    | Reached skill level 23 in Fighting
 18033 | Depths:4 | Reached XP level 25. HP: 141/218 MP: 31/31
 18329 | Zot:4    | Noticed an orb of fire
 18329 | Zot:4    | Noticed a golden dragon
 18336 | Zot:4    | Killed a golden dragon
 18341 | Zot:4    | Gained mutation: You sometimes lose the ability to read
                  | scrolls when taking damage. [an orb of fire]
 18344 | Zot:4    | Killed an orb of fire
 18364 | Zot:4    | Lost mutation: You sometimes lose the ability to read
                  | scrolls when taking damage. [potion of mutation]
 18462 | Zot:5    | Entered Level 5 of the Realm of Zot
 18594 | Zot:5    | Noticed an orb of fire
 18607 | Zot:5    | Killed an orb of fire
 18620 | Zot:5    | Noticed an orb of fire
 18630 | Zot:5    | Gained mutation: Your body sometimes deteriorates upon
                  | taking damage. [an orb of fire]
 18634 | Zot:5    | Killed an orb of fire
 18638 | Zot:5    | Noticed a dread lich
 18638 | Zot:5    | Noticed a Killer Klown
 18660 | Zot:5    | Killed a dread lich
 18661 | Zot:5    | Reached skill level 15 in Dodging
 18666 | Zot:5    | Killed a Killer Klown
 18716 | Zot:5    | Reached XP level 26. HP: 111/227 MP: 31/31
 18769 | Zot:5    | Noticed an ancient lich
 18781 | Zot:5    | Killed an ancient lich
 18783 | Zot:5    | Noticed an ancient lich
 18795 | Zot:5    | Killed an ancient lich
 18799 | Zot:5    | Noticed a dread lich
 18799 | Zot:5    | Noticed a Killer Klown
 18804 | Zot:5    | Noticed an ancient lich
 18805 | Zot:5    | Killed a Killer Klown
 18819 | Zot:5    | Killed a dread lich
 18821 | Zot:5    | Noticed an ancient lich
 18825 | Zot:5    | Noticed a curse toe
 18827 | Zot:5    | Reached skill level 24 in Fighting
 18879 | Zot:5    | Killed an ancient lich
 18980 | Zot:5    | Killed a curse toe
 19105 | Zot:5    | Killed an ancient lich
 19114 | Zot:5    | Identified the +0 ring mail of the Goldsmith {rElec rCorr}
 19121 | Zot:5    | Noticed an orb of fire
 19121 | Zot:5    | Noticed a Killer Klown
 19121 | Zot:5    | Noticed an ancient lich
 19124 | Zot:5    | Got the Orb of Zot
 19130 | Zot:5    | Noticed Saabric the pandemonium lord
 19161 | Zot:5    | Cast into level 5 of the Abyss (Saabric)
 19161 | Abyss:5  | Entered Level 5 of the Abyss
 19209 | Zot:5    | Escaped the Abyss
 19230 | Zot:5    | Cast into level 5 of the Abyss (Saabric)
 19230 | Abyss:5  | Entered Level 5 of the Abyss
 19404 | Abyss:5  | Reached XP level 27. HP: 227/237 MP: 31/31
 19404 | Abyss:5  | Got an abyssal rune of Zot
 19551 | Zot:5    | Escaped the Abyss
 19595 | Zot:5    | Killed Saabric the pandemonium lord
 19601 | Zot:5    | Noticed Zicsyak the pandemonium lord
 19601 | Zot:5    | Noticed an ancient lich
 19605 | Zot:5    | Gained mutation: You are weak. (Str -2) [an orb of fire]
 19605 | Zot:5    | HP: 3/237 [Orb Guardian (19)]
 19607 | Zot:5    | Noticed Odi Rex the pandemonium lord
 19608 | Zot:5    | Slain by a cacodemon

Illustrated notes

Levels and vault maps discovered:
D:1:      minmay_arrival_loop, layout_basic, minmay_tetromino_s2
D:2:      layout_basic, nicolae_ecumenical_lake_church,
          chequers_serial_rivers_micro_e, uniq_robin, uniq_terence
D:3:      gammafunk_wand_slinger, layout_basic, kennysheep_orc_chapel
D:4:      layout_loops_cross, minmay_temple_entry_glass
D:5:      layout_basic, nicolae_concentric_dashed_squares_mild, uniq_eustachio,
          uniq_pikel
D:6:      layout_rooms
D:7:      layout_loops_ring, serial_park_tiny_1, minmay_circle_x
D:8:      layout_gridville, overflow_temple_1_default,
          minmay_shop_enchanted_jewellery
D:9:      layout_loops_ring, lair_entry_dummy, enter_bailey_5, uniq_harold
D:10:     layout_basic, minmay_orc_entry_temple_small, nrook_mini_vaults
D:11:     layout_small_grid, serial_shops, shop,
          minmay_fractal_squares_diagonal_5
D:12:     minmay_elf_outpost, layout_loops_ring, kennysheep_big_empty_room,
          kennysheep_generic_room_7, uniq_azrael, uniq_gastronok
D:13:     layout_gridville, grunt_vaults_entry_tiered, gammafunk_ghost_ooze,
          kb_tengu_band, uniq_maurice
D:14:     minmay_swirls_squares, layout_loops_cross,
          nicolae_qazlal_general_emergency, enter_trove_3, uniq_josephine
D:15:     hangedman_depths_entry_try_elsewhere_first, layout_irregular_city,
          old_standard_altar, minmay_misc_feat_iff
Temple:   nicolae_temple_the_god_donut
Lair:1:   layout_chaotic_city, chequers_serial_rivers_micro_c,
          grunt_megastairs_5, infiniplex_staircase_pool, lemuel_fruit_fields
Lair:2:   layout_cave_shapes, elwin_shoals_entry_stream,
          mumra_transporter_accident
Lair:3:   layout_regular_city, guppyfry_snake_entry_garden,
          grunt_forest_large_clearing_hut, uniq_amaemon, uniq_rupert
Lair:4:   layout_misc_corridors, lemuel_fruit_tree
Lair:5:   beast_lair_carwin_large_4, layout_gridlike, fungi_pond_lemuel,
          lemuel_fruit_fields
Lair:6:   minmay_lair_end_enchanted_forest, layout_small_grid, slime_altar_1,
          uniq_snorg
Shoals:1: layout_shoals, nicolae_shop_self_help
Shoals:2: layout_shoals, uniq_jorgrun, uniq_polyphemus, uniq_donald, uniq_ilsuiw
Shoals:3: layout_shoals
Shoals:4: shoals_end_grunt_ice, layout_shoals
Snake:1:  cheibrodos_snake_ritualist_ritual, layout_cave_shapes, basic_altar
Snake:2:  layout_rooms, st_stairs_1, nicolae_wooded_promenade,
          fake_guardian_serpent_vault, grunt_megastairs_3, uniq_kirke
Snake:3:  layout_chambers, nicolae_snake_slithery_corners,
          nicolae_snake_yet_another_twisty_hallway,
          nicolae_snake_serpentine_bazaar
Snake:4:  snake_pit_salamanders_mu, layout_misc_corridors, serial_shops,
          nicolae_shop_hallway_stairs, st_stairs_2, drop_trap,
          guppyfry_library_mini, uniq_saint_roka, uniq_aizul
Orc:1:    layout_diamond_mine, special_room [special_room_orc], uniq_sonja,
          uniq_urug, uniq_erica
Orc:2:    st_orc_ogre_mass, layout_caves, basic_altar, kennysheep_orc_sif_temple
Elf:1:    eino_elf_arrival_the_gate, layout_geoelf_octagon,
          ploomutoo_gammafunk_ghost_potion_laboratory, minmay_elf_sorcery,
          eino_tiny_chamber, grunt_megastairs_4
Elf:2:    elven_hall_of_blades_hangedman_original [nicolae_blade_little_rooms],
          layout_gridlike, nicolae_elf_theology_debate
Vaults:1: nicolae_vaults_quartermaster, ontoclasm_vaults_claustrophobia,
          vaults_dpeg_diagonal, ontoclasm_vaults_gateway, vaults_room_grid,
          vaults_room_grunt_arrival_ludios, ontoclasm_vaults_shuriken,
          layout_vaults_quadrants, serial_shops, shop, shop,
          nicolae_shop_waterfront, nicolae_shop_trees, uniq_zenata
Vaults:2: gammafunk_ghost_spectres, hangedman_vaults_trim, v_misc_19,
          vaults_standard_mumra_lines, v_misc_16, v_misc_10, st_greater_box_5,
          ontoclasm_vaults_ring_small, vaults_room_fours,
          ontoclasm_vaults_misaligned, vaults_room_door_ring,
          ontoclasm_vaults_twist, nicolae_vaults_gold_heap,
          layout_vaults_omnibox, uniq_margery
Vaults:3: mu_enter_wizlab_5, v_rooms_2, v_misc_29, grunt_vaults_trifunnel,
          v_misc_19, nicolae_vaults_inception_scallops,
          ontoclasm_vaults_loading_screen, nicolae_vaults_ninety_degrees,
          v_misc_4, nicolae_vaults_border_crossing, layout_vaults_maze,
          minmay_crypt_entry_skeletal_spiral, uniq_asterion
Vaults:4: v_misc_12, v_misc_17, v_pattern_4, ontoclasm_vaults_spin,
          ontoclasm_vaults_eye, nicolae_vaults_yaktaur_gun_rack,
          nicolae_vaults_three_branches, v_alt_pattern_3,
          vaults_room_stairs_pillars, v_misc_16, layout_vaults_ring, uniq_boris
Vaults:5
Crypt:1:  layout_misc_corridors, grunt_crypt_arrival_split
Depths:1: layout_forbidden_donut, hell_entry, serial_shops,
          nicolae_shop_crystal, eino_small_chamber_without_monster,
          pandoras_box_mu, grunt_megastairs_2, infiniplex_staircase_pool_lava,
          minmay_shop_grove, serial_bayou_shore_b, firewood_loft
Depths:2: minmay_four_inscribed_fans, layout_cave_pools, enter_ziggurat_e,
          fedhas_altar_3, pan_entry, hell_entry
Depths:3: minmay_spiral_squares, layout_basic, special_room
          [special_room_morgue], hell_entry, ebering_ghost_reflecting_pool,
          hangedman_abyss_or_decor_slice, abyss_entry,
          minmay_mirror_moons_of_madness, infiniplex_staircase_pool_1,
          uniq_enchantress, uniq_josephina
Depths:4: lemuel_castle_with_subvaults [lemuel_castle_interior_original],
          layout_gridlike, pf_coc_iceberg, hangedman_decor_growths,
          serial_shops, nicolae_shop_crystal, amcnicky_altar_lugonu_corruption
Zot:1:    dreamdust_zin_vs_xom, layout_basic, zot_minivault_1
Zot:2:    layout_misc_corridors
Zot:3:    minmay_elemental_castle, layout_gridlike, gammafunk_ghost_tricky_traps
Zot:4:    hangedman_snap_crack_crunch, layout_onion_interference
Zot:5:    layout_misc_corridors

Skill      XL: |  1  2  3  4  5  6  7  8  9 10 11 12 13 14 15 16 17 18 19 20 21 22 23 24 25 26 |
---------------+-------------------------------------------------------------------------------+-----
Maces & Flails | 3 4 5 6 9 11 13 16 | 16.0
Fighting       | 4 6 7 8 10 11 13 14 16 17 18 19 20 21 22 23 24 | 24.8
Armour         | 4 5 6 8 9 10 12 14 15 16 17 18 19 20 22 | 22.1
Evocations     | 4 8 9 10 12 14 15 16 17 18 19 20 | 20.6
Dodging        | 4 8 9 10 12 13 15 17 | 17.6
Invocations    | 6 7 10 | 10.3
Shields        | 6 10 13 16 18 20 21 22 | 22.1

Action                   |  1- 3 |  4- 6 |  7- 9 | 10-12 | 13-15 | 16-18 | 19-21 | 22-24 | 25-27 || total
-------------------------+-------+-------+-------+-------+-------+-------+-------+-------+-------++-------
Melee: Flail             |    68 |    75 |       |       |       |       |       |       |       ||   143
       Morningstar       |       |    21 |   214 |   312 |    97 |       |       |       |       ||   644
       Demon whip        |       |       |       |       |   516 |   751 |   695 |  1121 |   516 ||  3599
Throw: Throwing net      |       |       |     1 |       |       |       |       |       |       ||     1
Invok: Ancestor Identity |       |       |     1 |       |       |       |       |       |       ||     1
       Recall Ancestor   |       |       |       |     5 |     3 |     1 |     1 |     7 |     5 ||    22
       Ancestor Life: Ba |       |       |       |     1 |       |       |       |       |       ||     1
       Idealise          |       |       |       |       |     4 |       |     3 |     3 |     6 ||    16
 Abil: Evoke Blink       |       |       |       |       |       |       |     1 |     1 |       ||     2
Evoke: Wand              |       |     1 |     3 |     6 |    14 |    18 |     3 |       |     9 ||    54
       Lightning rod     |       |       |       |     4 |    10 |     8 |     8 |     4 |     1 ||    35
       Phantom mirror    |       |       |       |     1 |     2 |     4 |     3 |     1 |     2 ||    13
       Box of beasts     |       |       |       |       |       |     5 |     6 |     5 |     2 ||    18
       Phial of floods   |       |       |       |       |       |       |     2 |     1 |     1 ||     4
       Tin of tremorston |       |       |       |       |       |       |     6 |     5 |     5 ||    16
       Condenser vane    |       |       |       |       |       |       |       |     3 |     4 ||     7
  Use: Scroll            |     3 |     5 |    11 |     6 |     8 |    11 |     6 |    10 |    13 ||    73
       Potion            |       |     2 |     2 |     4 |       |     4 |     4 |     2 |    23 ||    41
 Stab: Paralysed         |       |     4 |     3 |     4 |     5 |       |       |       |       ||    16
       Distracted        |       |       |       |     3 |     6 |    15 |    12 |    16 |     5 ||    57
       Sleeping          |       |       |       |       |       |       |       |     1 |       ||     1
Armor: Scale mail        |     8 |       |       |       |       |       |       |       |       ||     8
       Chain mail        |    60 |    57 |    85 |    20 |       |       |       |       |       ||   222
       Plate armour      |       |       |       |   149 |   253 |   240 |   199 |    27 |       ||   868
       Shadow dragon sca |       |       |       |       |       |       |       |   257 |   144 ||   401
Dodge: Dodged            |    24 |    26 |    61 |   158 |   211 |   201 |    95 |   287 |   147 ||  1210
Block: Buckler           |    21 |    14 |    56 |    85 |   115 |   245 |       |       |       ||   536
       Reflection        |       |       |       |       |       |    42 |    60 |    43 |    12 ||   157
       Tower shield      |       |       |       |       |       |   147 |   688 |  1358 |   595 ||  2788

Table legend: (Time is in decaauts)
 A = Elapsed time spent in this place.
 B = Non-inter-level travel time spent in this place.
 C = Inter-level travel time spent in this place.
 D = Time resting spent in this place.
 E = Time spent auto-exploring this place.
 F = Levels seen in this place.
 G = Mean time per level.
                   A        B        C        D        E       F      G
               +--------+--------+--------+--------+--------+-----+--------+
         Total |  18281 |  15527 |   2754 |    413 |    234 |  57 |  320.7 |
       Dungeon |   6174 |   5040 |   1134 |    100 |      5 |  15 |  411.6 |
        Temple |     15 |     15 |      0 |      0 |      0 |   1 |   15.0 |
          Lair |   2652 |   2216 |    436 |      0 |    229 |   6 |  442.0 |
        Shoals |    942 |    831 |    111 |      0 |      0 |   4 |  235.5 |
     Snake Pit |   1956 |   1540 |    416 |    237 |      0 |   4 |  489.0 |
  Orcish Mines |    489 |    397 |     92 |      0 |      0 |   2 |  244.5 |
   Elven Halls |    631 |    436 |    195 |      0 |      0 |   2 |  315.5 |
        Vaults |   2012 |   1663 |    349 |      6 |      0 |   5 |  402.4 |
         Crypt |     48 |     48 |      0 |      0 |      0 |   1 |   48.0 |
        Depths |    937 |    920 |     17 |      0 |      0 |   4 |  234.2 |
           Zot |    989 |    989 |      0 |     70 |      0 |   5 |  197.8 |
         Abyss |   1008 |   1008 |      0 |      0 |      0 |   6 |  168.0 |
        Bailey |    226 |    226 |      0 |      0 |      0 |   1 |  226.0 |
        Wizlab |    195 |    195 |      0 |      0 |      0 |   1 |  195.0 |
               +--------+--------+--------+--------+--------+-----+--------+

Top non-repeatable levels by time:
 Snake:4: 950 daAuts
Vaults:5: 702 daAuts
  Lair:3: 675 daAuts
    D:13: 621 daAuts
 Abyss:4: 608 daAuts
   Zot:5: 607 daAuts
   Elf:1: 590 daAuts
  Lair:6: 517 daAuts
    D:14: 516 daAuts
    D:10: 512 daAuts
 Snake:2: 504 daAuts
     D:9: 497 daAuts
     D:2: 495 daAuts
Shoals:4: 489 daAuts
Depths:4: 477 daAuts
